 Dungeon Crawl Stone Soup version 0.28-a0-1184-g53156a8862 (webtiles) character file.

Game seed: 1391887333958782731

5960 flyleaff the Ducker (level 10, -18/96 HPs)
             Began as a Yellow Draconian Monk on Dec 17, 2021.
             Was a Priest of Ashenzari.
             Demolished by a skeletal warrior (22 damage)
             ... on level 7 of the Dungeon on Dec 18, 2021.
             The game lasted 00:37:26 (12171 turns).

flyleaff the Ducker (Yellow Draconian Monk)        Turns: 12171, Time: 00:37:27

Health: -18/96     AC:  7    Str: 19    XL:     10   Next: 54%
Magic:  16/20      EV: 17    Int: 10    God:    Ashenzari [***...]
Gold:   366        SH: 12    Dex: 22    Spells: 4/22 levels left

rFire   . . .      SeeInvis +   n - +9 trident of Gehenna {holy, Drain Fly rPois Dex+3}
rCold   . . .      Faith    .   e - +0 buckler "Bound Incredulity" {Self, Elem} (curse)
rNeg    + . .      Spirit   .   (armour unavailable)
rPois   +          Reflect  +   (helmet restricted)
rElec   .          Harm     .   (no cloak)
rCorr   +          Rampage  .   (no gloves)
Will    .....      Clarity  +   (no boots)
Stlth   ++........              o - amulet of the Prophetic Shame {Reflect SH+5, Self, Range} (curse)
HPRegen 0.26/turn               q - ring of Ashenzari's Boredom {rN+, Self, Alch} (curse)
MPRegen 0.17/turn               p - ring of the Wild Blue Yonder {Dex+6, Alch, Melee} (curse)

@: flying, hasted, very quick
A: spit acid, AC +7, unfitting armour, cold-blooded, acid resistance, screaming
1, subdued magic 1
a: Breathe Acid, Renounce Religion, Shatter the Chains


You were on level 7 of the Dungeon.
You worshipped Ashenzari.
Ashenzari was most pleased with you.
You visited 2 branches of the dungeon, and saw 8 of its levels.
You also visited: Sewer and Ossuary.

You collected 507 gold pieces.
You spent 141 gold pieces at shops.

Inventory:

Hand Weapons
 a - a +0 falchion
 n - the +9 trident of Gehenna (weapon) {holy, Drain Fly rPois Dex+3}
   (You found it on level 7 of the Dungeon)

   It has been blessed by the Shining One to cause great damage to the undead
   and demons.
   Dex:       It affects your dexterity (+3).
   rPois:     It protects you from poison.
   Fly:       It grants you flight.
   Drain:     It drains your maximum health when unequipped.
Missiles
 j - 46 poisoned darts (quivered)
Armour
 e - the cursed +0 buckler "Bound Incredulity" (worn) {Self, Elem}
   (You found it on level 1 of the Dungeon)

   It has a curse which improves the following skills: Introspection: Fighting
   and Spellcasting.
   Elements:  Fire Magic, Ice Magic, Air Magic and Earth Magic.
Jewellery
 o - the cursed amulet of the Prophetic Shame (around neck) {Reflect SH+5, Self, Range}
   (You found it on level 3 of the Dungeon)

   [amulet of reflection]

   It reflects blocked missile attacks.
   SH:        It affects your SH (+5).
   It has a curse which improves the following skills: Introspection: Fighting
   and Spellcasting.
   Ranged Combat: Slings, Bows, Crossbows and Throwing.
 p - the cursed ring of the Wild Blue Yonder (right hand) {Dex+6, Alch, Melee}
   (You found it on level 6 of the Dungeon)

   [ring of dexterity]

   Dex:       It affects your dexterity (+6).
   It has a curse which improves the following skills: Alchemy: Poison Magic and
   Transmutations.
   Melee Combat: Short Blades, Long Blades, Axes, Maces & Flails, Polearms,
   Staves and Unarmed Combat.
 q - the cursed ring of Ashenzari's Boredom (left hand) {rN+, Self, Alch}
   (You found it on level 4 of the Dungeon)

   [ring of positive energy]

   rN:        It protects you from negative energy.
   It has a curse which improves the following skills: Introspection: Fighting
   and Spellcasting.
   Alchemy:   Poison Magic and Transmutations.
Wands
 m - a wand of paralysis (5)
 t - a wand of iceblast (7)
 y - a wand of mindburst (8)
Scrolls
 b - 3 scrolls of magic mapping
 c - a scroll of silence
 g - 11 scrolls of identify
 i - 3 scrolls of amnesia
 k - 5 scrolls of teleportation
 u - a scroll of fog
 v - a scroll of enchant armour
 B - a scroll of brand weapon
Potions
 l - 2 potions of attraction
 r - a potion of resistance
 s - 4 potions of flight
 w - a potion of brilliance
 A - 2 potions of invisibility


   Skills:
 - Level 7.3(11.2) Fighting
 - Level 6.2(8.1) Long Blades
 + Level 3.0(4.6) Polearms
 + Level 7.4 Dodging
 - Level 1.7 Stealth
 + Level 7.2 Shields
 - Level 3.3(6.6) Spellcasting
 - Level 1.9 Conjurations
 - Level 1.7 Hexes
 - Level 2.0 Summonings
 - Level 2.0 Necromancy
 - Level 2.0 Translocations
 - Level 4.7(6.6) Ice Magic


You had 4 spell levels left.
You knew the following spells:

 Your Spells              Type           Power      Damage    Failure   Level
a - Shock                 Conj/Air       16%        1d4       10%         1
b - Summon Mana Viper     Hex/Summ       5%         N/A       92%         5
c - Dispersal             Tloc           2%         N/A       100%        6
d - Vampiric Draining     Necr           5%         2d6       22%         3
e - Frozen Ramparts       Ice            24%        1d4       2%          3

Your spell library contained the following spells:

 Spells                   Type           Power      Damage    Failure   Level
 Freeze                   Ice            48%        1d7       1%          1
 Slow                     Hex            20%        N/A       8%          1
 Gell's Gravitas          Tloc           5%         N/A       21%         3
 Teleport Other           Tloc           5%         N/A       21%         3
 Confusing Touch          Hex            5%         N/A       24%         3
 Hailstorm                Conj/Ice       9%         3d4       28%         4
 Summon Ice Beast         Ice/Summ       9%         N/A       28%         4
 Swiftness                Air            2%         N/A       43%         3
 Airstrike                Air            1%         N/A       85%         4
 Monstrous Menagerie      Summ           2%         N/A       100%        7


Dungeon Overview and Level Annotations

Branches:
Dungeon (7/15)             Temple (1/1) D:4           Sewer (visited)
Ossuary (visited)

Altars:
Ashenzari
Dithmenos
Elyvilon
Gozag
Makhleb
Nemelex Xobeh
Okawaru
Sif Muna
Trog
Vehumet
Zin

Shops:
D:3 *   D:5 :


Innate Abilities, Weirdness & Mutations

You can spit globs of acid.
Your golden yellow scales are hard. (AC +7)
You cannot fit into any form of body armour.
You are cold-blooded and may be slowed by cold attacks.
You are resistant to acid. (rCorr)
You occasionally shout uncontrollably at your foes.
Your spells are a little easier to cast, but a little less powerful.


Message History

Aiming: Shock (safe; 10% risk of failure)
Press: ? - help, Shift-Dir - straight line The zap misses the skeletal warrior.
The zap hits the seven-headed hydra.
The seven-headed hydra is lightly wounded.
Casting: Shock (safe; 10% risk of failure)
Confirm with . or Enter, or press ? or * to list all spells.
Aiming: Shock (safe; 10% risk of failure)
Press: ? - help, Shift-Dir - straight line The zap hits the skeletal warrior.
The skeletal warrior is almost destroyed.
The zap hits the seven-headed hydra.
The seven-headed hydra is lightly wounded.
You block the skeletal warrior's attack.
You closely miss the skeletal warrior.
The skeletal warrior is almost destroyed.
The skeletal warrior hits you with a +0 long sword.
You hit the skeletal warrior.
The skeletal warrior convulses.
You tail-slap the skeletal warrior.
The skeletal warrior is almost destroyed.
The skeletal warrior hits you with a +0 long sword!
* * * LOW HITPOINT WARNING * * *
You hit the skeletal warrior but do no damage.
The skeletal warrior is almost destroyed.
You hit the skeletal warrior.
The skeletal warrior convulses.
The skeletal warrior is almost destroyed.
The skeletal warrior hits you with a +0 long sword!!
* * * LOW HITPOINT WARNING * * *
You hit the skeletal warrior but do no damage.
Your tail-slap misses the skeletal warrior.
The skeletal warrior is almost destroyed.
The skeletal warrior misses you.
Casting: Shock (safe; 10% risk of failure)
Confirm with . or Enter, or press ? or * to list all spells.
Aiming: Shock (safe; 10% risk of failure)
Press: ? - help, Shift-Dir - straight line The zap hits the skeletal warrior but does no damage.
The skeletal warrior is almost destroyed.
The zap misses the seven-headed hydra.
The skeletal warrior hits you with a +0 long sword!!
You die...

##..###..# ##.##.##.........#
####..## ##.# #..#.#.##.......##
.....## #..# ##.##.#.##.......##
.....# ##.## #..#.###.##.....##.
###### ##..# ##.##.#
#.##.....##. ##..## #..#.##
##.##...#### #..## ##.##.#
#.##...##.. # #..# #..#.##
##.##.##.## ## ##.# #.##@#
#.##.##... .## #.# ##.#z####
####.##.##.# #.##
#.###..#D##.###.###.##.##. ##.##
#..##.##.##.........##.##.
##.####.....#.#.#####.######.###
##..#####.##.#D##.......##...##
##..# #..#.###†####.####.#.#.#
#..###.##.#)#.##.....###...##
##>.#..#.##.##.###.###..#.#..


You could see a seven-headed hydra and a skeletal warrior.

Vanquished Creatures
  A boulder beetle (D:7)
  An ugly thing (D:7)
  The ghost of spaghetti the Skirmisher, a novice OgDe (D:7)
  2 manticores (D:7)
  A cyclops (D:6)
  A wyvern (D:7)
  A yak (D:6)
  Duvessa (D:4)
  2 orc warriors
  A necrophage (D:6)
  A sky beast (D:6)
  2 ogres
  2 black bears
  A phantom (D:5)
  A kobold brigand (D:4)
  3 bullfrogs
  2 scorpions (D:6)
  Dowan (D:4)
  6 killer bees (D:7)
  4 howler monkeys
  A bullfrog zombie (D:6)
  2 centaur zombies
  4 orc priests
  3 centaur skeletons
  4 hounds
  3 bullfrog skeletons
  4 orc wizards
  Natasha (twice) (D:4)
  3 iguanas
  2 merfolk sirens (Sewer)
  A merfolk avatar (Sewer)
  A killer bee zombie (D:6)
  5 ogre zombies (Ossuary)
  A hound zombie (D:5)
  A hound skeleton (D:5)
  2 howler monkey zombies
  4 mummies (Ossuary)
  3 gnolls (D:3)
  11 adders
  A howler monkey skeleton (D:5)
  3 river rats (Sewer)
  4 shadow imps
  A white imp (D:6)
  An ufetubus (D:7)
  3 adder zombies (Ossuary)
  3 worms
  A dart slug (D:1)
  30 orcs
  8 endoplasms
  15 giant cockroaches
  A goblin (D:1)
  7 hobgoblins
  6 jackals
  6 quokkas
  15 ball pythons
  4 bats
  10 frilled lizards
  5 goblin zombies (Ossuary)
  2 hobgoblin zombies (Ossuary)
  4 kobolds
  8 kobold zombies (Ossuary)
  3 quokka zombies (Ossuary)
  22 rats
  4 rat zombies (Ossuary)
259 creatures vanquished.

Vanquished Creatures (collateral kills)
  3 mummies (Ossuary)
3 creatures vanquished.

Grand Total: 262 creatures vanquished

Notes
Turn   | Place    | Note
-------+----------+-------------------------------------------
     0 | D:1      | flyleaff the Draconian Monk began the quest for the Orb.
     0 | D:1      | Reached XP level 1. HP: 19/19 MP: 1/1
   542 | D:1      | Reached XP level 2. HP: 25/26 MP: 2/2
  1372 | D:2      | Found a faded altar of an unknown god.
  1383 | D:2      | Prayed at the altar of an unknown god.
  1383 | D:2      | Became a worshipper of Ashenzari the Shackled
  1487 | D:2      | Reached XP level 3. HP: 29/33 MP: 3/3
  1682 | D:2      | Reached skill level 1 in Shields
  2204 | D:2      | Reached XP level 4. HP: 38/40 MP: 4/4
  2660 | D:2      | Reached * piety under Ashenzari
  2972 | D:3      | Learned a level 1 spell: Shock
  3144 | D:3      | Reached XP level 5. HP: 14/48 MP: 5/5
  3445 | D:3      | Found Elewk's Assorted Antiques.
  3451 | D:3      | Bought a ruby potion for 21 gold pieces
  3451 | D:3      | Bought a lead wand for 96 gold pieces
  3451 | D:3      | Bought a scroll labelled VIYGAU NESIMM for 24 gold pieces
  3650 | D:4      | Reached ** piety under Ashenzari
  3664 | D:4      | Found a staircase to the Ecumenical Temple.
  3677 | Temple   | Entered the Ecumenical Temple
  4183 | D:4      | Noticed a black bear
  4202 | D:4      | Killed a black bear
  4203 | D:4      | Reached XP level 6. HP: 36/58 MP: 6/6
  4482 | D:4      | Reached skill level 5 in Shields
  4603 | D:4      | Reached *** piety under Ashenzari
  4614 | D:4      | Noticed Duvessa
  4614 | D:4      | Noticed Dowan
  4615 | D:4      | Noticed Natasha
  4638 | D:4      | Killed Natasha
  4662 | D:4      | Killed Duvessa
  4665 | D:4      | Killed Dowan
  4666 | D:4      | Your scales start taking on a golden yellow colour.
  4666 | D:4      | Reached XP level 7. HP: 22/67 MP: 9/16
  4666 | D:4      | Gained mutation: You are resistant to acid. (rCorr) [Yellow
                  | Draconian growth]
  4675 | D:4      | Noticed Natasha
  4684 | D:4      | Killed Natasha
  5043 | D:5      | Entered Level 5 of the Dungeon
  5142 | D:5      | Found a glowing drain.
  5146 | Sewer    | Entered a sewer
  5834 | Sewer    | Learned a level 5 spell: Summon Mana Viper
  5841 | Sewer    | Learned a level 6 spell: Dispersal
  5845 | Sewer    | Learned a level 3 spell: Vampiric Draining
  5849 | Sewer    | Learned a level 3 spell: Frozen Ramparts
  6126 | D:5      | Found Sarroec's Self-Improvement Boutique.
  6605 | D:5      | Reached skill level 5 in Fighting
  6605 | D:5      | Reached skill level 1 in Ice Magic
  6886 | D:5      | Reached XP level 8. HP: 50/78 MP: 18/18
  7313 | D:6      | Found a sand-covered staircase.
  7319 | Ossuary  | Entered an ossuary
  8129 | D:6      | Reached skill level 5 in Long Blades
  8129 | D:6      | Reached skill level 5 in Dodging
  8154 | D:6      | Reached XP level 9. HP: 50/86 MP: 19/19
  8484 | D:6      | Noticed a cyclops
  8502 | D:6      | Killed a cyclops
  8722 | D:6      | Gained mutation: Your spells are a little easier to cast,
                  | but a little less powerful. [potion of mutation]
  8722 | D:6      | Gained mutation: You expend magic power (3 MP) to
                  | strengthen your wands. [potion of mutation]
  8973 | D:7      | Noticed spaghetti's ghost (novice OgDe)
  8973 | D:7      | Found a runed translucent door.
  8995 | D:7      | Killed spaghetti's ghost
  8996 | D:7      | Reached skill level 1 in Conjurations
  8996 | D:7      | Reached skill level 1 in Hexes
  8996 | D:7      | Reached skill level 1 in Summonings
  8996 | D:7      | Reached skill level 1 in Necromancy
  8996 | D:7      | Reached skill level 1 in Translocations
  9705 | D:7      | Upgraded the game from 0.28-a0-1182-g381e24db82 to
                  | 0.28-a0-1184-g53156a8862
 10302 | D:7      | Reached XP level 10. HP: 75/96 MP: 20/20
 10389 | D:7      | Noticed a manticore
 10401 | D:7      | Killed a manticore
 10731 | D:7      | Noticed a manticore
 10731 | D:7      | Noticed a white ugly thing
 10731 | D:7      | Noticed a cyclops
 10731 | D:7      | Noticed a boulder beetle
 10731 | D:7      | Noticed a white ugly thing
 10731 | D:7      | Noticed a skeletal warrior
 10731 | D:7      | Noticed a seven-headed hydra
 11220 | D:7      | Identified the +9 trident of Gehenna {holy, Drain Fly rPois
                  | Dex+3}
 11754 | D:7      | Killed a boulder beetle
 11755 | D:7      | Reached skill level 1 in Polearms
 12100 | D:7      | Killed a manticore
 12144 | D:7      | Killed a white ugly thing
 12161 | D:7      | Lost mutation: You expend magic power (3 MP) to strengthen
                  | your wands. [potion of mutation]
 12161 | D:7      | Gained mutation: You occasionally shout uncontrollably at
                  | your foes. [potion of mutation]
 12169 | D:7      | HP: 3/96 [skeletal warrior (18)]
 12171 | D:7      | Demolished by a skeletal warrior

Illustrated notes

Levels and vault maps discovered:
D:1:      co_arrival_square_in_a_square_in_a_square, layout_basic
D:2:      minmay_roachtagon, layout_basic, basic_ecumenical_altar, minivault_11
D:3:      layout_rooms, serial_shops, shop
D:4:      layout_cave_pods, minmay_temple_entry_mist, uniq_duvessa, uniq_natasha
D:5:      layout_gridville, gup_sewer_entry_spiral, nicolae_shop_self_help
D:6:      hangedman_cross_stitches, layout_gridville, enter_ossuary_5,
          skrybe_limestone_x
D:7:      minmay_the_grid_triangle_9x9_rhombus_full
          [minmay_the_grid_triangle_9x9_wacky_v,
          minmay_the_grid_triangle_9x9_zippers_vertical,
          minmay_the_grid_triangle_9x9_stretched_checkered,
          minmay_the_grid_triangle_9x9_impossible_snake,
          minmay_the_grid_triangle_9x9_empty,
          minmay_the_grid_triangle_9x9_thin_v,
          minmay_the_grid_triangle_9x9_skeleton,
          minmay_the_grid_triangle_9x9_prize_top_heavy], layout_layer_cave,
          gammafunk_ghost_grave
Temple:   jpeg_temple_clearing

Skill      XL: |  1  2  3  4  5  6  7  8  9 10 |
---------------+-------------------------------+-----
Dodging        | 3 4 5 6 7 |  7.4
Fighting       | 4 5 6 7 |  7.3
Shields        | 1 2 4 5 7 |  7.2
Spellcasting   | 2 3 |  3.3
Ice Magic      | 1 3 4 |  4.7
Long Blades    | 4 5 6 |  6.2
Conjurations   | 1 |  1.9
Hexes          | 1 |  1.7
Summonings     | 2 |  2.0
Necromancy     | 2 |  2.0
Translocations | 2 |  2.0
Polearms       | 3 |  3.0
Stealth        | |  1.7

Action                   |  1- 3 |  4- 6 |  7- 9 | 10-12 || total
-------------------------+-------+-------+-------+-------++-------
Melee: Falchion          |    49 |       |       |       ||    49
       Tailslap          |    15 |    17 |   115 |    25 ||   172
       Long sword        |    74 |   142 |   624 |    60 ||   900
       Trident           |       |       |       |    57 ||    57
Throw: Dart              |       |    31 |    14 |       ||    45
 Cast: Shock             |       |       |       |     5 ||     5
Invok: Curse Item        |     1 |     3 |       |     1 ||     5
       Shatter the Chain |       |       |       |     1 ||     1
 Abil: Breathe Acid      |       |       |     1 |     2 ||     3
  Use: Potion            |       |     4 |    11 |     7 ||    22
       Scroll            |       |       |     5 |     1 ||     6
 Stab: Sleeping          |     6 |     4 |    14 |     1 ||    25
Armor: Skin              |    41 |    34 |   119 |    15 ||   209
Dodge: Dodged            |    78 |   109 |   318 |    57 ||   562
Block: Buckler           |       |    61 |   360 |    61 ||   482

Table legend: (Time is in decaauts)
 A = Elapsed time spent in this place.
 B = Non-inter-level travel time spent in this place.
 C = Inter-level travel time spent in this place.
 D = Time resting spent in this place.
 E = Time spent auto-exploring this place.
 F = Levels seen in this place.
 G = Mean time per level.
                   A        B        C        D        E       F      G
               +--------+--------+--------+--------+--------+-----+--------+
         Total |  12465 |  12190 |    275 |    269 |   9090 |  10 | 1246.5 |
       Dungeon |  10620 |  10357 |    263 |    269 |   8013 |   7 | 1517.1 |
        Temple |     85 |     73 |     12 |      0 |     61 |   1 |   85.0 |
         Sewer |   1005 |   1005 |      0 |      0 |    522 |   1 | 1005.0 |
       Ossuary |    754 |    754 |      0 |      0 |    493 |   1 |  754.0 |
               +--------+--------+--------+--------+--------+-----+--------+

Top non-repeatable levels by time:
     D:7: 3217 daAuts
     D:4: 1421 daAuts
     D:2: 1407 daAuts
     D:1: 1349 daAuts
     D:5: 1346 daAuts
   Sewer: 1005 daAuts
     D:6: 1003 daAuts
     D:3: 874 daAuts
 Ossuary: 754 daAuts
  Temple: 85 daAuts
